 Seeded DCSS version 0.29.1-1-gd02db6906a (webtiles) character file.

Game seed: 17845553201672341576 (custom seed)

79 Iusername the Trooper (level 4, 41/41 HPs)
             Began as a Minotaur Fighter on Sept 22, 2022.
             Quit the game on level 2 of the Dungeon.
             The game lasted 00:01:43 (1686 turns).

Iusername the Trooper (Minotaur Fighter)            Turns: 1686, Time: 00:01:44

Health: 41/41      AC:  7    Str: 21    XL:     4   Next: 17%
Magic:  3/3        EV:  9    Int:  5    God:
Gold:   113        SH:  4    Dex: 11    Spells: 3/3 levels left

rFire   . . .      SeeInvis .   a - +0 war axe
rCold   . . .      Faith    .   c - +0 buckler
rNeg    . . .      Spirit   .   b - +0 scale mail
rPois   .          Reflect  .   (helmet restricted)
rElec   .          Harm     .   (no cloak)
rCorr   .          Rampage  .   (no gloves)
Will    .....                   (no boots)
Stlth   ..........              (no amulet)
HPRegen 0.13/turn               (no ring)
MPRegen 0.08/turn               (no ring)

@: studying Fighting
A: horns 2, retaliatory headbutt
a: no special abilities


You were on level 2 of the Dungeon.
You visited 1 branch of the dungeon, and saw 2 of its levels.

You collected 113 gold pieces.

Inventory:

Hand Weapons
 a - a +0 war axe (weapon)
Armour
 b - a +0 scale mail (worn)
 c - a +0 buckler (worn)
 j - a +0 pair of boots
Scrolls
 e - 5 scrolls of identify {unknown}
 f - a scroll of torment {unknown}
 g - a scroll of fear {unknown}
 k - a scroll of teleportation {unknown}
 m - a scroll of acquirement
Potions
 d - 2 potions of might
 h - a potion of heal wounds {unknown}
 i - a potion of curing {unknown}
 l - 3 potions of degeneration {unknown}


   Skills:
 + Level 4.5 Fighting
 + Level 3.9 Axes
 + Level 4.2 Armour
 + Level 0.8 Dodging
 + Level 4.0 Shields


You had 3 spell levels left.
You didn't know any spells.
Your spell library contained the following spells:

 Spells                   Type           Power      Damage    Failure   Level
 Necrotise                Necr           0%         1d4       88%         1
 Vampiric Draining        Necr           0%         2d6       99%         3
 Agony                    Necr           0%         N/A       100%        5


Dungeon Overview and Level Annotations

Branches:
Dungeon (2/15)

Altars:


Innate Abilities, Weirdness & Mutations

You have a pair of horns on your head.
You reflexively headbutt those who attack you in melee.


Message History

A goblin is nearby!
You barely miss the goblin. The goblin hits you with a +0 club.
Unknown command.
You slash the goblin!
You kill the goblin!
You now have 113 gold pieces (gained 10).
You open the door.
Found 6 stones.
No target in view!
Unknown command.
There is an open door here.
You see here 6 stones.
You see here a +0 club.
You open the door.
There is an open door here.
Key pressed, stopping explore.
No target in view!
Unknown command.
You open the door. You open the door.
There is an open door here.
Key pressed, stopping explore.
No target in view!
Unknown command.
There is an open door here.
Key pressed, stopping explore.
No target in view!
Unknown command.
No target in view!
Items here: )) ÷÷.
Items here: )) ÷÷.
Items here: ))))) [[ ÷÷.
There is an open door here.
Done exploring.
No target in view!
Unknown command.
Done exploring.
No target in view!
Unknown command.
Are you sure you want to abandon this character and quit the game? (Confirm with "yes".)

..# #.# ..# #.#### ###
..## #....# #.# ...#
#.#######.#
.#.#####..# #.#.#
..........# #.#.#
......##..####.#.#
...............#.#####
.#.#.###........@....#
.#.............#######
................#
...........######
##..###..#.#
##..###..#.#
.........#.#
##.###.....#
###......###


There were no monsters in sight!

Vanquished Creatures
  Robin (D:2)
  2 adders (D:2)
  2 ball pythons
  4 bats
  3 endoplasms
  5 giant cockroaches
  14 goblins
  6 hobgoblins (D:2)
  2 jackals (D:2)
  A frilled lizard (D:1)
  A kobold (D:1)
  2 rats (D:1)
43 creatures vanquished.

Notes
Turn   | Place    | Note
-------+----------+-------------------------------------------
     0 | D:1      | Iusername the Minotaur Fighter began the quest for the Orb.
     0 | D:1      | Reached XP level 1. HP: 19/19 MP: 0/0
   201 | D:1      | Found a faded altar of an unknown god.
   246 | D:1      | Reached XP level 2. HP: 27/27 MP: 1/1
   855 | D:1      | Identified a scroll of acquirement
   855 | D:1      | Acquired a manual of Fighting
   966 | D:2      | Reached XP level 3. HP: 33/33 MP: 2/2
  1280 | D:2      | Noticed Robin
  1302 | D:2      | Killed Robin
  1303 | D:2      | Reached XP level 4. HP: 30/41 MP: 3/3
  1686 | D:2      | Quit the game

Illustrated notes

Levels and vault maps discovered:
D:1:      lordsloth_arrival_two_stooges, layout_basic,
          shapermc_ecumenical_altar_petra, dk_noncrumbling_4
D:2:      layout_basic, uniq_robin

Skill      XL: |  1  2  3 |
---------------+----------+-----
Armour         | 4 |  4.2
Fighting       | 4 |  4.5
Axes           | 3 |  3.9
Shields        | 4 |  4.0
Dodging        | |  0.8

Action                   |  1- 3 |  4- 6 || total
-------------------------+-------+-------++-------
Melee: War axe           |    83 |     9 ||    92
       Headbutt          |     5 |     1 ||     6
  Use: Scroll            |     1 |       ||     1
Armor: Scale mail        |    53 |     3 ||    56
Dodge: Dodged            |    31 |       ||    31
Block: Buckler           |    23 |     1 ||    24
